 Dungeon Crawl Stone Soup version 0.29-a0-284-gf9362112df (webtiles) character file.

Game seed: 11941893613193044905

29 spaghetti the Cutter (level 3, -9/23 HPs)
             Began as a Tengu Berserker on Mar 22, 2022.
             Was a Follower of Trog.
             Mangled by an ogre
             ... wielding a +0 giant club
              (32 damage)
             ... on level 4 of the Dungeon.
             The game lasted 00:01:24 (1199 turns).

spaghetti the Cutter (Tengu Berserker)              Turns: 1199, Time: 00:01:24

Health: -9/23      AC:  2    Str: 17    XL:     3   Next: 16%
Magic:  4/4        EV: 12    Int:  7    God:    Trog [*.....]
Gold:   52         SH:  0    Dex: 15    Spells: 2/2 levels left

rFire   . . .      SeeInvis .   a - +0 short sword {short}
rCold   . . .      Faith    .   (no shield)
rNeg    . . .      Spirit   .   b - +0 animal skin
rPois   .          Reflect  .   (helmet restricted)
rElec   .          Harm     .   (no cloak)
rCorr   .          Rampage  .   (no gloves)
Will    .....                   (boots unavailable)
Stlth   +.........              (no amulet)
HPRegen 0.07/turn               (no ring)
MPRegen 0.09/turn               (no ring)

@: no status effects
A: beak, talons 3
a: Renounce Religion, Berserk


You were on level 4 of the Dungeon.
You worshipped Trog.
Trog was aware of your devotion.
You visited 1 branch of the dungeon, and saw 4 of its levels.

You collected 52 gold pieces.


Innate Abilities, Weirdness & Mutations

You have a beak for a mouth.
You have claws for feet.


   Skills:
 - Level 3.0 Fighting
 + Level 4.6 Short Blades
 - Level 2.1 Armour
 - Level 2.1 Dodging


You had 2 spell levels left.
You didn't know any spells.
Your spell library was empty.

Inventory:

Hand Weapons
 a - a +0 short sword (weapon) {short}
Missiles
 e - 12 stones (quivered) {throwing}
 j - 2 javelins {throwing}
Armour
 b - a +0 animal skin (worn)
Scrolls
 c - a scroll of teleportation {unknown}
 d - a scroll of vulnerability {unknown}
 f - 2 scrolls of magic mapping {unknown}
 g - a scroll of fear {unknown}
 i - 3 scrolls of identify {unknown}
 k - a scroll of enchant weapon {unknown}
Potions
 h - a potion of berserk rage {unknown}
 l - 2 potions of heal wounds {unknown}
 m - a potion of might {unknown}

Dungeon Overview and Level Annotations

Branches:
Dungeon (4/15)
 Temple: D:4-7

Altars:

....... ##......#
.
.......####......#
#..##..###..#
##..#.## #..#
##...## ..#
##.....# .. #
##..##..#
##.#..###.....
#...@## #...##.
#...O# ....#
#....... .....
#......... ......
...........
.......#...#
......K ...#
....... ....


You could see an ogre and a kobold (asleep).


Message History

Found a stone staircase leading up.
There is a stone staircase leading down here.
You climb downwards.
There is a stone staircase leading up here.
Unknown command.
Unknown command.
An orc comes into view. It is wielding a +0 club.
An orc is nearby!
An orc comes into view. It is wielding a +0 dagger.
Found a stone staircase leading down.
The orc shouts!
You hear a shout!
You hear an angry hiss. 2 orcs come into view.
The orc shouts! x2
You hit the orc. Your peck misses the orc. You hit the orc but do no damage.
The orc hits you with a +0 dagger. 😕 HP[-3]
You take 3 damage, and now have 16/19 hp.
You hit the orc.
You kill the orc!
Trog accepts your kill.
The orc hits you with a +0 club. 😮 HP[-2]
You take 2 damage, and now have 14/19 hp.
A red film seems to cover your vision as you go berserk!
You feel yourself moving faster!
You feel mighty! The orc closely misses you. 😕 HP[+8]
You now have 28 max hp (+9).
You regained 8 hp, and now have 22/28 hp.
You barely miss the orc. Your peck misses the orc.
The orc hits you but does no damage.
The orc hits you with a +0 club. 😮 HP[-4]
You take 4 damage, and now have 18/28 hp.
You are too injured to fight recklessly!
You are too injured to fight recklessly!
You are too injured to fight recklessly!
You are too injured to fight recklessly!
You are too injured to fight recklessly!
You are too injured to fight recklessly!
You are too injured to fight recklessly!
You are too injured to fight recklessly!
You are too injured to fight recklessly!
You are too injured to fight recklessly!
You are too injured to fight recklessly!
You are too injured to fight recklessly!
You are too injured to fight recklessly!
You are too injured to fight recklessly!
You hit the orc but do no damage. You claw the orc.
You completely miss the orc. You claw the orc.
You kill the orc!
Trog accepts your kill. The orc misses you. The orc hits you with a +0 flail!
* * * LOW HITPOINT WARNING * * *
You have reached level 3!
Your experience leads to an increase in your attributes!
Increase (S)trength, (I)ntelligence, or (D)exterity?
You feel agile. x2 😨 HP[-5] MP[+1]
You now have 34 max hp (+6).
Your mp is fully restored (4).
You hit the orc but do no damage. Your kick misses the orc.
The orc closely misses you. The orc barely misses you.
You puncture the orc!
You kill the orc!
Trog accepts your kill.
You hit the orc. You claw the orc.
You kill the orc!
Trog accepts your kill.
There is a stone staircase leading down here.
Things that are here:
a +0 flail {mace}; a +0 leather armour You start resting.
You feel a strong urge to attack something.
You feel your anger nearly subside.
You are no longer berserk.
You are exhausted.
You feel yourself slow down.
A frilled lizard comes into view. 😨 HP[-4]
You now have 23 max hp (-11).
A frilled lizard is nearby!
You climb downwards.
There is a stone staircase leading up here.
Unknown command.
Unknown command.
Unknown command.
You start resting.
You feel yourself speed up.
You recover from your berserk rage. 😎 HP[+14]
Your hp is fully restored (23).
i - 3 scrolls labelled OSITHI KAXKAKLO (gained 1)
An ogre comes into view. It is wielding a +0 giant club.
The ogre moves out of view.
A kobold comes into view. It is wielding a +0 whip.
A kobold is nearby!
You hit the ogre. Your kick misses the ogre.
You peck the ogre, but do no damage. The ogre barely misses you.
You hit the ogre. You claw the ogre! You peck the ogre. You hit the ogre.
The ogre hits you with a +0 giant club!!
Ouch! That really hurt!
You die...

Skill      XL: |  1  2 |
---------------+-------+-----
Short Blades   | 4 |  4.6
Fighting       | |  3.0
Armour         | |  2.1
Dodging        | |  2.1

Action                   || total
-------------------------++-------
Melee: Short sword       ||    41
       Kick              ||    10
       Peck              ||     8
Throw: Stone             ||     1
Invok: Berserk           ||     1
 Stab: Distracted        ||     1
       Sleeping          ||     1
Armor: Animal skin       ||     3
Dodge: Dodged            ||    26

Levels and vault maps discovered:
D:1:      dpeg_arrival_castle, layout_loops_cross, basic_ecumenical_altar
D:2:      layout_basic
D:3:      layout_loops_ring, mainiacjoe_overflow_two_lobes
D:4:      layout_layer_cave, kennysheep_crisscross, hangedman_decor_growths,
          sigmund_army

Notes
Turn   | Place    | Note
-------+----------+-------------------------------------------
     0 | D:1      | spaghetti the Tengu Berserker began the quest for the Orb.
     0 | D:1      | Reached XP level 1. HP: 14/14 MP: 2/2
     0 | D:1      | magus.rc [v1.9.6]
   140 | D:1      | Reached XP level 2. HP: 13/19 MP: 3/3
   272 | D:1      | Reached skill level 4 in Short Blades
   642 | D:1      | Found a faded altar of an unknown god.
   990 | D:3      | Reached XP level 3. HP: 13/23 MP: 4/4
  1194 | D:4      | Noticed an ogre
  1199 | D:4      | Mangled by an ogre

Vanquished Creatures
  2 dart slugs (D:1)
  4 orcs (D:3)
  2 endoplasms (D:1)
  A giant cockroach (D:1)
  A hobgoblin (D:1)
  A kobold (D:1)
  6 ball pythons
  2 rats
19 creatures vanquished.

Table legend:
 A = Non-vault XP
 B = Vault XP
 C = Vault XP percentage of total XP
 D = Non-vault monster count
 E = Vault monster count
 F = Vault count percentage of total count
                 A         B        C        D         E       F
            +---------+---------+-------+---------+---------+-------
      Total |      42 |       0 |   0.0 |      19 |       0 |   0.0
            +---------+---------+-------+---------+---------+-------
        D:1 |      28 |       0 |   0.0 |      13 |       0 |   0.0
        D:2 |       2 |       0 |   0.0 |       2 |       0 |   0.0
        D:3 |      12 |       0 |   0.0 |       4 |       0 |   0.0
            +---------+---------+-------+---------+---------+-------

Illustrated notes

Table legend:
 A = Kills in this place as a percentage of kills in entire the game.
 B = Kills by you in this place as a percentage of kills by you in the entire game.
 C = Kills by friends in this place as a percentage of kills by friends in the entire game.
 D = Other kills in this place as a percentage of other kills in the entire game.
 E = Experience gained in this place as a percentage of experience gained in the entire game.
 F = Experience gained in this place divided by the number of levels of this place that you have seen.
                   A       B       C       D       E      F
               +-------+-------+-------+-------+-------+----------------------
         Total | 100.0 | 100.0 |   N/A |   N/A | 100.0 |  10.5
       Dungeon | 100.0 | 100.0 |   N/A |   N/A | 100.0 |  10.5
               +-------+-------+-------+-------+-------+----------------------

Table legend: (Time is in decaauts)
 A = Elapsed time spent in this place.
 B = Non-inter-level travel time spent in this place.
 C = Inter-level travel time spent in this place.
 D = Time resting spent in this place.
 E = Time spent auto-exploring this place.
 F = Levels seen in this place.
 G = Mean time per level.
                   A        B        C        D        E       F      G
               +--------+--------+--------+--------+--------+-----+--------+
         Total |   1210 |   1179 |     31 |    290 |    749 |   4 |  302.5 |
       Dungeon |   1210 |   1179 |     31 |    290 |    749 |   4 |  302.5 |
               +--------+--------+--------+--------+--------+-----+--------+

Top non-repeatable levels by time:
     D:1: 872 daAuts
     D:4: 212 daAuts
     D:2: 106 daAuts
     D:3: 19 daAuts
